 Dungeon Crawl Stone Soup version 0.27-a0-1219-g958d993ae5 (webtiles) character file.

Game seed: 14510493612191561670

2130 patchburns1 the Skirmisher (level 9, -10/75 HPs)
             Began as a Minotaur Fighter on June 6, 2021.
             Was a Believer of Makhleb.
             Mangled by a five-headed hydra (12 damage)
             ... on level 7 of the Dungeon.
             The game lasted 00:27:30 (8567 turns).

patchburns1 the Skirmisher (Minotaur Fighter)       Turns: 8567, Time: 00:27:30

Health: -10/75     AC: 14    Str: 20    XL:     9   Next: 9%
Magic:  11/11      EV:  7    Int:  7    God:    Makhleb [**....]
Gold:   303        SH: 15    Dex: 12    Spells: 8/8 levels left

rFire    + . .     SeeInvis .   n - +3 dagger
rCold    . . .     Faith    .   c - +0 kite shield
rNeg     + . .     Spirit   .   y - +0 chain mail
rPois    .         Reflect  +   R - +1 hat
rElec    .         Harm     .   B - +1 cloak
rCorr    .         Rampage  .   (no gloves)
Will     .....                  P - +0 pair of boots
Stlth    ..........             e - amulet of reflection
HPRegen  0.22/turn              r - ring of positive energy
MPRegen  0.12/turn              S - ring of protection from fire

@: about to teleport
A: horns 2, retaliatory headbutt
a: Renounce Religion, Minor Destruction


You were on level 7 of the Dungeon.
You worshipped Makhleb.
Makhleb was pleased with you.
You visited 2 branches of the dungeon, and saw 8 of its levels.
You also visited: Sewer.

You collected 303 gold pieces.

Inventory:

Hand Weapons
 a - a +1 long sword
 n - a +3 dagger (weapon)
Missiles
 g - 43 bolts
 l - 73 sling bullets
 m - 179 stones
 p - 14 poisoned darts (quivered)
 q - a curare-tipped dart
 J - 2 boomerangs
Armour
 b - a +0 scale mail
 c - a +0 kite shield (worn)
 y - a +0 chain mail (worn)
 B - a +1 cloak (worn)
 P - a +0 pair of boots (worn)
 R - a +1 hat (worn)
Jewellery
 e - an amulet of reflection (around neck)
 r - a ring of positive energy (left hand)
 L - a ring of wizardry
 S - a ring of protection from fire (right hand)
Wands
 F - a wand of flame (13)
 G - a wand of mindburst (27)
 N - a wand of iceblast (8)
 Q - a wand of polymorph (6)
Scrolls
 h - 4 scrolls of teleportation
 j - 2 scrolls of amnesia {unknown}
 o - a scroll of enchant armour {unknown}
 s - 5 scrolls of identify {unknown}
 t - a scroll of acquirement {unknown}
 u - 2 scrolls of holy word {unknown}
 v - a scroll of summoning {unknown}
 w - a scroll of brand weapon {unknown}
 x - a scroll of enchant weapon
 A - 3 scrolls of blinking
 D - a scroll of immolation {unknown}
 H - a scroll of noise {unknown}
 M - a scroll of vulnerability {unknown}
 O - a scroll of silence {unknown}
 T - a scroll of fog {unknown}
Potions
 d - a potion of might
 f - 2 potions of degeneration
 i - a potion of resistance {unknown}
 k - a potion of ambrosia {unknown}
 z - a potion of heal wounds
 C - 2 potions of flight
 E - a potion of lignification {unknown}
 I - 2 potions of curing {unknown}
 K - a potion of cancellation {unknown}


   Skills:
 + Level 6.2 Fighting
 + Level 5.2 Long Blades
 + Level 3.5 Slings
 + Level 6.0 Armour
 + Level 3.8 Dodging
 + Level 2.6 Stealth
 + Level 6.0 Shields
 * Level 5.0 Invocations
 + Level 3.1 Evocations


You had 8 spell levels left.
You didn't know any spells.
Your spell library contained the following spells:

 Spells                   Type           Power      Damage    Failure   Level
 Corona                   Hex            0%         N/A       100%        1
 Ensorcelled Hibernation  Hex/Ice        0%         N/A       100%        2
 Confusing Touch          Hex            0%         N/A       100%        3
 Dazzling Flash           Conj/Hex       0%         N/A       100%        3
 Tukima's Dance           Hex            0%         N/A       100%        3


Dungeon Overview and Level Annotations

Branches:
Dungeon (7/15)             Temple (1/1) D:4           Sewer (visited)

Altars:
Ashenzari
Cheibriados
Dithmenos
Elyvilon
Fedhas
Gozag
Hepliaklqana
Kikubaaqudgha
Makhleb
Nemelex Xobeh
Okawaru
Qazlal
Ru
Sif Muna
Trog
Uskayaw
Vehumet
Wu Jian
Xom
Yredelemnul
Zin
The Shining One


Innate Abilities, Weirdness & Mutations

You have a pair of horns on your head.
You reflexively headbutt those who attack you in melee.


Message History

You block the five-headed hydra's attack.
You hit the five-headed hydra.
The five-headed hydra is severely wounded.
You block the five-headed hydra's attack. x2
The five-headed hydra bites you!
* * * LOW HITPOINT WARNING * * *
You block the five-headed hydra's attack.
The five-headed hydra bites you but does no damage.
Press: ? - help, Shift-Dir - straight line, f/p - five-headed hydra
Aim: a five-headed hydra (severely wounded)
The puff of flame misses the five-headed hydra.
The five-headed hydra bites you but does no damage. x2
You block the five-headed hydra's attack. x2
The five-headed hydra bites you!
* * * LOW HITPOINT WARNING * * *
You block the five-headed hydra's attack. x2
The five-headed hydra bites you but does no damage.
The five-headed hydra bites you.
* * * LOW HITPOINT WARNING * * *
The five-headed hydra completely misses you.
Press: ? - help, Shift-Dir - straight line, f/p - five-headed hydra
Aim: a five-headed hydra (moderately wounded)
The zap hits the five-headed hydra.
The five-headed hydra is moderately wounded.
The zap hits the five-headed hydra.
The five-headed hydra is moderately wounded.
Press: ? - help, Shift-Dir - straight line, p - five-headed hydra The puff of flame misses the five-headed hydra.
The five-headed hydra bites you but does no damage. x3
You block the five-headed hydra's attack. x2
You block the five-headed hydra's attack.
The five-headed hydra bites you.
* * * LOW HITPOINT WARNING * * *
The five-headed hydra bites you!
* * * LOW HITPOINT WARNING * * *
The five-headed hydra bites you but does no damage.
You block the five-headed hydra's attack.
As you read the scroll of teleportation, it crumbles to dust.
You feel strangely unstable. The five-headed hydra bites you!
You die...

P.....P.P...P.........# P
PPPPPP.PPP##########
#.......## ####.#### #.#
#.# #.# ####
#.############## ...#####
#....D@........#
.#...))####.######.#####.#
...###.)........##.#####.#
#.## #####...##.....[.##.#
#.# #.....####.##.##.# #.#
##...............# #.#
##.#########.##### #.# #.#
#...y.# #.# #.# #####y#


You could see a five-headed hydra.

Vanquished Creatures
  The ghost of streetpizza the Destroyer, a novice TeCj of Vehumet (D:5)
  2 vampire mosquitoes (D:6)
  2 water moccasins
  A necrophage (D:6)
  An ice beast (D:7)
  2 phantoms
  A scorpion (D:3)
  3 killer bees (D:7)
  2 howler monkeys (D:7)
  A centaur zombie (D:7)
  2 jellies (D:5)
  2 hounds
  3 orc priests
  2 iguanas (D:5)
  Terence (D:2)
  An orc wizard (D:6)
  A merfolk avatar (Sewer)
  2 merfolk sirens (Sewer)
  A hound zombie (D:3)
  A hound skeleton (D:5)
  6 adders
  3 river rats
  A white imp (D:5)
  2 ufetubi (D:5)
  2 adder skeletons (D:4)
  3 worms
  3 dart slugs
  15 orcs
  7 ball pythons
  10 bats
  5 endoplasms
  6 giant cockroaches
  9 goblins
  6 hobgoblins
  22 jackals
  4 quokkas
  10 frilled lizards
  7 kobolds
  35 rats
188 creatures vanquished.

Vanquished Creatures (others)
  Ijyb (D:4)
  5 plants (D:4)
6 creatures vanquished.

Grand Total: 194 creatures vanquished

Notes
Turn   | Place    | Note
-------+----------+-------------------------------------------
     0 | D:1      | patchburns1 the Minotaur Fighter began the quest for the
                  | Orb.
     0 | D:1      | Reached XP level 1. HP: 19/19 MP: 0/0
   140 | D:1      | Reached XP level 2. HP: 24/27 MP: 1/1
   736 | D:2      | Reached XP level 3. HP: 28/33 MP: 2/2
   998 | D:2      | Found a faded altar of an unknown god.
  1479 | D:2      | Reached skill level 1 in Invocations
  1503 | D:2      | Reached XP level 4. HP: 40/40 MP: 3/3
  1594 | D:3      | Noticed Terence
  1609 | D:2      | Killed Terence
  1610 | D:2      | Reached skill level 1 in Dodging
  2158 | D:3      | Reached skill level 1 in Slings
  2158 | D:3      | Reached XP level 5. HP: 43/47 MP: 5/5
  2232 | D:3      | Reached skill level 1 in Evocations
  2427 | D:3      | Found a sparkling altar of Nemelex Xobeh.
  2809 | D:4      | Found a staircase to the Ecumenical Temple.
  2809 | D:4      | Found a glowing drain.
  2826 | Temple   | Entered the Ecumenical Temple
  2899 | Temple   | Became a worshipper of Makhleb the Destroyer
  2947 | Sewer    | Entered a sewer
  3159 | Sewer    | Reached XP level 6. HP: 37/55 MP: 6/6
  3273 | Sewer    | Reached * piety under Makhleb
  4286 | D:4      | Reached skill level 5 in Fighting
  4327 | D:4      | Reached ** piety under Makhleb
  4705 | D:4      | Noticed Ijyb
  4710 | D:4      | Reached XP level 7. HP: 56/61 MP: 8/8
  4716 | D:4      | Killed Ijyb
  4934 | D:5      | Entered Level 5 of the Dungeon
  5052 | D:5      | Reached skill level 1 in Stealth
  5313 | D:5      | Found a runed translucent door.
  5320 | D:5      | Noticed streetpizza's ghost (novice TeCj)
  5370 | D:5      | Reached skill level 5 in Armour
  5377 | D:5      | Reached skill level 5 in Shields
  5604 | D:5      | Identified the +4 dagger of the Scorching Gnat {freeze,
                  | *Slow rElec rCorr Dex+4}
  5655 | D:5      | Killed streetpizza's ghost
  5656 | D:5      | Reached XP level 8. HP: 21/69 MP: 9/9
  8060 | D:7      | Reached skill level 5 in Long Blades
  8386 | D:7      | Reached skill level 5 in Invocations
  8386 | D:7      | Reached XP level 9. HP: 70/75 MP: 11/11
  8488 | D:7      | Noticed a five-headed hydra
  8563 | D:7      | HP: 1/75 [five-headed hydra (12)]
  8567 | D:7      | Mangled by a five-headed hydra

Illustrated notes

Levels and vault maps discovered:
D:1:      psy_arrival_statuary, layout_rooms, corexii_hall_statues_u,
          amethyst_killhole, minmay_misc_feat_four_crosses,
          ebering_dispersal_statue_hall, st_stairs_6
D:2:      layout_loops_ring, chequers_ecumenical_altar_island,
          minmay_misc_feat_square, minmay_ruptured
D:3:      layout_loops_cross, lemuel_coloured_pillars_altar, minmay_puff,
          uniq_terence
D:4:      cheibrodos_old_hovel, layout_loops_corners, minmay_temple_entry_grid,
          cheibrodos_sewer_entry_sluice, kennysheep_doodads, uniq_ijyb
D:5:      layout_cave_pools, ebering_ghost_reflecting_pool,
          serial_bayou_lagoon_a
D:6:      layout_layer_cave
D:7:      layout_loops_corners, minmay_misc_feat_rugged, minmay_hedge_maze
Temple:   kilobyte_greek_temple

Skill      XL: |  1  2  3  4  5  6  7  8  9 |
---------------+----------------------------+-----
Shields        | 4 5 6 |  6.0
Armour         | 4 5 6 |  6.0
Fighting       | 4 5 6 |  6.2
Invocations    | 1 2 3 5 |  5.0
Long Blades    | 3 4 5 |  5.2
Dodging        | 1 2 3 |  3.8
Slings         | 1 2 3 |  3.5
Evocations     | 1 2 3 |  3.1
Stealth        | 1 2 |  2.6

Action                   |  1- 3 |  4- 6 |  7- 9 || total
-------------------------+-------+-------+-------++-------
Melee: Long sword        |   106 |   263 |   199 ||   568
       Headbutt          |    12 |    43 |    30 ||    85
       Dagger            |       |       |     7 ||     7
Throw: Dart              |       |     2 |       ||     2
       Boomerang         |       |       |     1 ||     1
Invok: Minor Destruction |       |       |    12 ||    12
  Use: Potion            |       |     2 |     3 ||     5
       Scroll            |       |     2 |     2 ||     4
Armor: Scale mail        |    56 |    44 |       ||   100
       Chain mail        |       |   100 |   144 ||   244
Dodge: Dodged            |    47 |    75 |    51 ||   173
Block: Kite shield       |    74 |   155 |   219 ||   448
       Rpst.: Long sword |    14 |    25 |    13 ||    52

Table legend: (Time is in decaauts)
 A = Elapsed time spent in this place.
 B = Non-inter-level travel time spent in this place.
 C = Inter-level travel time spent in this place.
 D = Time resting spent in this place.
 E = Time spent auto-exploring this place.
 F = Levels seen in this place.
 G = Mean time per level.
                   A        B        C        D        E       F      G
               +--------+--------+--------+--------+--------+-----+--------+
         Total |   8896 |   8708 |    188 |   1640 |   4834 |   9 |  988.4 |
       Dungeon |   7715 |   7527 |    188 |   1281 |   4583 |   7 | 1102.1 |
        Temple |    104 |    104 |      0 |      0 |      0 |   1 |  104.0 |
         Sewer |   1076 |   1076 |      0 |    359 |    251 |   1 | 1076.0 |
               +--------+--------+--------+--------+--------+-----+--------+

Top non-repeatable levels by time:
     D:6: 1474 daAuts
     D:7: 1132 daAuts
     D:5: 1107 daAuts
     D:4: 1099 daAuts
     D:2: 1080 daAuts
   Sewer: 1076 daAuts
     D:3: 1069 daAuts
     D:1: 752 daAuts
  Temple: 104 daAuts
